 Dungeon Sprint DCSS version 0.29-a0-925-g0a7a3d12f8 (webtiles) character file.

Game seed: 7061293133739808504

16121 rocky1 the Spry (level 12, 0/113 HPs)
             Began as a Merfolk Gladiator on July 28, 2022.
             Was the Champion of Okawaru.
             Slain by a deep elf blademaster
             ... wielding a +0 short sword
              (11 damage)
             ... in the Dungeon (Sprint VII: "The Pits").
             The game lasted 00:15:01 (4446 turns).

rocky1 the Spry (Merfolk Gladiator)                 Turns: 4446, Time: 00:15:02

Health: 0/113      AC: 19    Str: 18    XL:     12   Next: 34%
Magic:  18/18      EV: 21    Int:  8    God:    Okawaru [******]
Gold:   30         SH:  0    Dex: 19    Spells: 11/11 levels left

rFire   . . .      SeeInvis .   a - +2 halberd (vamp)
rCold   . . .      Faith    .   (shield currently unavailable)
rNeg    . . .      Spirit   .   s - +4 chain mail
rPois   .          Reflect  .   c - +0 helmet
rElec   .          Harm     .   (no cloak)
rCorr   .          Rampage  .   r - +0 pair of gloves
Will    .....      NoTele   +   (no boots)
Stlth   ..........              y - amulet of magic regeneration
HPRegen 0.28/turn               b - +3 ring of dexterity
MPRegen 0.56/turn               n - +3 ring of evasion

@: on berserk cooldown, slowed, very slow
A: (nimble swimmer 2), mertail
a: Renounce Religion, Heroism, Finesse


You were in the Dungeon.
You worshipped Okawaru.
Okawaru was exalted by your worship.
You visited 1 branch You collected 30 gold pieces.

Inventory:

Hand Weapons
 a - a +2 vampiric halberd (weapon)
 o - the +10 glaive of the Hidden Vale {freeze, Will+ Str-3 Int+3}
   (Okawaru gifted it to you in the Dungeon)

   It freezes those it strikes, dealing additional cold damage.
   It can also slow down cold-blooded creatures.
   Str:       It affects your strength (-3).
   Int:       It affects your intelligence (+3).
   Will:      It increases your willpower.
 B - a +2 great sword of holy wrath
Missiles
 d - 3 throwing nets (quivered)
 e - a javelin
 A - 4 poisoned darts
Armour
 c - a +0 helmet (worn)
 r - a +0 pair of gloves (worn)
 s - a +4 chain mail (worn)
Jewellery
 b - a +3 ring of dexterity (left hand)
 n - a +3 ring of evasion (right hand)
 x - a ring of willpower
 y - an amulet of magic regeneration (around neck)
 z - a ring of protection from cold
Scrolls
 k - a scroll of blinking
 m - 6 scrolls of amnesia
 q - 3 scrolls of identify
 u - 4 scrolls of enchant weapon
 v - 2 scrolls of fear
 w - 2 scrolls of enchant armour
Potions
 f - 10 potions of curing
 g - 14 potions of heal wounds
 h - 3 potions of haste
 i - 5 potions of magic
 j - a potion of berserk rage
 l - a potion of invisibility
 p - 2 potions of mutation
 t - a potion of brilliance


   Skills:
 + Level 16.7 Fighting
 + Level 10.6 Long Blades
 + Level 16.6 Polearms
 - Level 2.0 Throwing
 + Level 11.9 Armour
 + Level 19.7 Dodging
 - Level 8.0 Invocations


You had 11 spell levels left.
You didn't know any spells.
Your spell library was empty.

Dungeon Overview and Level Annotations

Branches:
Dungeon (1/1)

Altars:
Ashenzari
Cheibriados
Dithmenos
Elyvilon
Fedhas
Gozag
Hepliaklqana
Kikubaaqudgha
Makhleb
Nemelex Xobeh
Okawaru
Qazlal
Ru
Sif Muna
Trog
Uskayaw
Vehumet
Wu Jian
Xom
Yredelemnul
Zin
The Shining One
Jiyva
Lugonu


Innate Abilities, Weirdness & Mutations

((You are very nimble when in or above water. (Stealth+, EV+, Speed+++)))
Your lower body shifts to a powerful aquatic tail in water.


Message History

You miss the deep elf blademaster.
The deep elf blademaster is heavily wounded.
The deep elf blademaster misses you.
The deep elf blademaster hits you with a +0 short sword!
* * * LOW HITPOINT WARNING * * *
You completely miss the deep elf blademaster.
The deep elf blademaster is heavily wounded.
The deep elf blademaster hits you with a +0 short sword!
* * * LOW HITPOINT WARNING * * *
The deep elf blademaster hits you with a +0 short sword!
* * * LOW HITPOINT WARNING * * *
The yaktaur captain completely misses you.
You are too berserk!
Unknown command.
You slash the deep elf blademaster!
You feel better.
The deep elf blademaster is severely wounded.
You closely miss the deep elf blademaster.
The deep elf blademaster is severely wounded.
The deep elf blademaster barely misses you.
The deep elf blademaster hits you with a +0 short sword!
* * * LOW HITPOINT WARNING * * *
The yaktaur captain hits you.
* * * LOW HITPOINT WARNING * * *
You barely miss the deep elf blademaster.
The deep elf blademaster is severely wounded.
The deep elf blademaster hits you but does no damage.
The deep elf blademaster hits you with a +0 short sword.
* * * LOW HITPOINT WARNING * * *
You barely miss the deep elf blademaster.
The deep elf blademaster is severely wounded.
You slash the deep elf blademaster!
You feel better.
The deep elf blademaster is severely wounded.
You are no longer berserk.
You are exhausted.
You feel yourself slow down. The deep elf blademaster misses you. x2
The yaktaur captain hits you but does no damage.
You completely miss the deep elf blademaster.
The deep elf blademaster is severely wounded.
The deep elf blademaster hits you with a +0 short sword!
You die...

#++#################
#...c...............
#..@e...........)...
#.)##############''#
#..# ... #).# ...
##### #..# ... ##..#
#..# ... ##..# #..#
... ''..# #..# .o.
''..##########).#


You could see a deep elf blademaster and a yaktaur captain.

Vanquished Creatures
  A nagaraja (D)
  A two-headed ogre (D)
  2 death yaks (D)
  A shadow wraith (D)
  A phantasmal warrior (D)
  Pikel (D)
  4 flayed ghosts (D)
  2 harpies (D)
  2 orc knights (D)
  An orc sorcerer (D)
  A cyclops (D)
  2 manticores (D)
  A rust devil (D)
  A black mamba (D)
  2 orange demons (D)
  2 cane toads (D)
  A gargoyle (D)
  A yaktaur (D)
  A demonic crawler (D)
  A rime drake (D)
  A komodo dragon (D)
  A guardian mummy (D)
  2 red devils (D)
  A wind drake (D)
  A tarantella (D)
  A snapping turtle (D)
  A flying skull (D)
  A wraith (D)
  2 yaks (D)
  A ynoxinul (D)
  3 vampire mosquitoes (D)
  A redback (D)
  A warg (D)
  2 floating eyes (D)
  A large abomination (D)
  3 centaurs (D)
  5 wolves (D)
  A bullfrog (D)
  A crimson imp (D)
  A quasit (D)
  A gnoll bouda (D)
  An orc priest (D)
  A hell rat (D)
  An iguana (D)
  An orc wizard (D)
  A mummy (D)
  An adder (D)
  A white imp (D)
  An ufetubus (D)
  An adder skeleton (D)
  A worm (D)
  An adder simulacrum (D)
  4 orcs (D)
  2 bat skeletons (D)
  A bat zombie (D)
  An endoplasm (D)
  2 goblins (D)
  A hobgoblin (D)
  4 jackals (D)
  A quokka (D)
  A ball python (D)
  A ball python skeleton (D)
  A bat (D)
  A quokka zombie (D)
92 creatures vanquished.

Vanquished Creatures (others)
  A harpy (D)
1 creature vanquished.

Grand Total: 93 creatures vanquished

Notes
Turn   | Place    | Note
-------+----------+-------------------------------------------
     0 | D        | rocky1 the Merfolk Gladiator began the quest for the Orb.
     0 | D        | Reached XP level 1. HP: 16/16 MP: 1/1
    11 | D        | Noticed a floating eye
    13 | D        | Paralysed by a floating eye for 2 turns
    17 | D        | Killed a floating eye
    18 | D        | Reached skill level 5 in Fighting
    18 | D        | Reached skill level 7 in Dodging
    18 | D        | Reached XP level 2. HP: 27/27 MP: 2/2
    18 | D        | Reached XP level 3. HP: 33/33 MP: 3/3
    18 | D        | Reached XP level 4. HP: 39/39 MP: 4/4
    23 | D        | Found a bloodstained altar of Trog.
    23 | D        | Found a shimmering blue altar of Sif Muna.
    23 | D        | Found a viscous altar of Jiyva.
    23 | D        | Found a hazy altar of Hepliaklqana.
    23 | D        | Found an opulent altar of Gozag.
    24 | D        | Found a glowing golden altar of the Shining One.
    24 | D        | Found a glowing silver altar of Zin.
    24 | D        | Found a basalt altar of Yredelemnul.
    24 | D        | Found a shimmering altar of Xom.
    24 | D        | Found an ornate altar of the Wu Jian Council.
    24 | D        | Found a sacrificial altar of Ru.
    24 | D        | Found a stormy altar of Qazlal.
    24 | D        | Found an iron altar of Okawaru.
    24 | D        | Found a sparkling altar of Nemelex Xobeh.
    24 | D        | Found a burning altar of Makhleb.
    24 | D        | Found a blossoming altar of Fedhas.
    24 | D        | Found a white marble altar of Elyvilon.
    24 | D        | Found a shadowy altar of Dithmenos.
    24 | D        | Found a snail-covered altar of Cheibriados.
    27 | D        | Found a corrupted altar of Lugonu.
    27 | D        | Found a radiant altar of Vehumet.
    28 | D        | Found an ancient bone altar of Kikubaaqudgha.
    28 | D        | Found a hide-covered altar of Uskayaw.
    28 | D        | Found a broken altar of Ashenzari.
    32 | D        | Became a worshipper of Warmaster Okawaru
   186 | D        | Noticed Pikel
   186 | D        | Noticed a lemure
   217 | D        | Killed Pikel
   217 | D        | Reached * piety under Okawaru
   217 | D        | Reached ** piety under Okawaru
   218 | D        | Reached skill level 10 in Polearms
   218 | D        | Reached skill level 5 in Armour
   218 | D        | Reached skill level 10 in Dodging
   218 | D        | Reached XP level 5. HP: 49/49 MP: 4/9
   218 | D        | Reached XP level 6. HP: 56/56 MP: 4/10
   218 | D        | Reached XP level 7. HP: 62/62 MP: 4/11
   367 | D        | Noticed a warg
   387 | D        | Killed a warg
   447 | D        | Reached skill level 11 in Dodging
   648 | D        | Reached *** piety under Okawaru
   651 | D        | Noticed a ynoxinul
   662 | D        | Killed a ynoxinul
   663 | D        | Reached XP level 8. HP: 14/71 MP: 10/12
  1151 | D        | Noticed a death yak
  1151 | D        | Noticed a tarantella
  1163 | D        | Killed a death yak
  1163 | D        | Reached **** piety under Okawaru
  1163 | D        | Received a gift from Okawaru
  1164 | D        | Reached skill level 10 in Fighting
  1164 | D        | Reached skill level 12 in Dodging
  1167 | D        | Noticed a flying skull
  1179 | D        | Killed a tarantella
  1180 | D        | Reached skill level 13 in Dodging
  1180 | D        | Reached XP level 9. HP: 46/79 MP: 13/13
  1475 | D        | Noticed a demonic crawler
  1496 | D        | Killed a demonic crawler
  1623 | D        | Noticed a red devil
  1633 | D        | Killed a red devil
  1673 | D        | Reached ***** piety under Okawaru
  1674 | D        | Reached skill level 14 in Dodging
  1734 | D        | Noticed a cane toad
  1738 | D        | Noticed an orc sorcerer
  1744 | D        | Killed an orc sorcerer
  1745 | D        | Reached XP level 10. HP: 69/89 MP: 14/16
  1847 | D        | Killed a cane toad
  1860 | D        | Reached skill level 15 in Polearms
  1860 | D        | Reached skill level 15 in Dodging
  1984 | D        | Noticed a rust devil
  2010 | D        | Killed a rust devil
  2095 | D        | Noticed a manticore
  2098 | D        | Noticed a harpy
  2099 | D        | Noticed a cyclops
  2100 | D        | Noticed a harpy
  2105 | D        | Killed a manticore
  2105 | D        | Identified the +5 kite shield of Bright Miracles {*Slow rF+
                  | Slay+2 SInv} (Okawaru gifted it to you in the Dungeon)
  2105 | D        | Received a gift from Okawaru
  2111 | D        | Noticed a harpy
  2117 | D        | Killed a harpy
  2117 | D        | Killed a harpy
  2121 | D        | Reached skill level 16 in Dodging
  2125 | D        | Killed a harpy
  2127 | D        | Killed a cyclops
  2149 | D        | Noticed a black mamba
  2156 | D        | Killed a black mamba
  2157 | D        | Reached XP level 11. HP: 71/99 MP: 17/17
  2353 | D        | Noticed a two-headed ogre
  2359 | D        | Paralysed by a floating eye for 3 turns
  2364 | D        | Paralysed by a floating eye for 2 turns
  2370 | D        | Reached skill level 1 in Long Blades
  2380 | D        | Killed a two-headed ogre
  2381 | D        | Reached skill level 10 in Armour
  2381 | D        | Reached skill level 17 in Dodging
  2854 | D        | Noticed a flayed ghost
  2881 | D        | Killed a flayed ghost
  2892 | D        | Reached skill level 5 in Long Blades
  2966 | D        | Noticed a phantasmal warrior
  3015 | D        | Killed a phantasmal warrior
  3468 | D        | Noticed a flayed ghost
  3468 | D        | Noticed a death yak
  3483 | D        | Killed a flayed ghost
  3484 | D        | Reached skill level 15 in Fighting
  3492 | D        | Killed a death yak
  3492 | D        | Reached ****** piety under Okawaru
  3493 | D        | Reached skill level 18 in Dodging
  3691 | D        | Killed a shadow wraith
  3760 | D        | Noticed a manticore
  3778 | D        | Killed a manticore
  3778 | D        | Received a gift from Okawaru
  4171 | D        | Noticed a flayed ghost
  4171 | D        | Noticed a nagaraja
  4171 | D        | Noticed a flayed ghost
  4181 | D        | Killed a flayed ghost
  4182 | D        | Reached skill level 19 in Dodging
  4182 | D        | Reached XP level 12. HP: 111/111 MP: 12/18
  4202 | D        | Killed a nagaraja
  4324 | D        | Reached skill level 10 in Long Blades
  4393 | D        | Identified the +10 glaive of the Hidden Vale {freeze, Will+
                  | Str-3 Int+3} (Okawaru gifted it to you in the Dungeon)
  4393 | D        | Received a gift from Okawaru
  4407 | D        | Noticed a deep elf blademaster
  4416 | D        | Noticed a yaktaur captain
  4442 | D        | HP: 6/169 [deep elf blademaster/+0 short sword (7)]
  4443 | D        | HP: 2/169 [deep elf blademaster/+0 short sword (3)]
  4446 | D        | Slain by a deep elf blademaster

Illustrated notes

Levels and vault maps discovered:
D:        pitsprint [storerooms_1, entrance_room_1, metal_vault_6, armoury_3,
          mini_pit_1, grid_room_1, main_hall_1, silver_pit, the_coven_1,
          the_vestibule_1, steel_vault_5, golden_pit, hallway_of_sentries,
          crystal_vault_2, iron_vault_4, final_vault]

Skill      XL: |  1  2  3  4  5  6  7  8  9 10 11 12 |
---------------+-------------------------------------+-----
Fighting       | 5 8 9 10 12 13 16 | 16.7
Polearms       | 7 10 11 13 14 16 | 16.6
Armour         | 3 5 6 7 8 9 11 | 11.9
Dodging        | 7 10 11 13 14 16 19 | 19.7
Invocations    | 6 8 |  8.0
Long Blades    | 9 10 | 10.6
Throwing       | |  2.0

Action                   |  1- 3 |  4- 6 |  7- 9 | 10-12 || total
-------------------------+-------+-------+-------+-------++-------
Melee: Trident           |     5 |    29 |    83 |       ||   117
       Punch             |       |       |     2 |       ||     2
       Halberd           |       |       |    48 |   402 ||   450
Invok: Heroism           |       |       |     4 |     2 ||     6
       Finesse           |       |       |       |     3 ||     3
  Use: Potion            |       |     1 |     2 |     4 ||     7
 Stab: Sleeping          |       |     2 |       |       ||     2
       Invisible         |       |       |       |     7 ||     7
Armor: Leather armour    |       |     2 |     2 |       ||     4
       Chain mail        |       |       |    49 |   102 ||   151
Dodge: Dodged            |       |    24 |   104 |   272 ||   400

Table legend: (Time is in decaauts)
 A = Elapsed time spent in this place.
 B = Non-inter-level travel time spent in this place.
 C = Inter-level travel time spent in this place.
 D = Time resting spent in this place.
 E = Time spent auto-exploring this place.
 F = Levels seen in this place.
 G = Mean time per level.
                   A        B        C        D        E       F      G
               +--------+--------+--------+--------+--------+-----+--------+
         Total |   4279 |   4232 |     47 |   2747 |      0 |   1 | 4279.0 |
       Dungeon |   4279 |   4232 |     47 |   2747 |      0 |   1 | 4279.0 |
               +--------+--------+--------+--------+--------+-----+--------+

Top non-repeatable levels by time:
       D: 4279 daAuts
